 Dungeon Crawl Stone Soup version 0.31.0-11-ge490571c62 (webtiles) character file.

Game seed: 9547204567456110509

1073 Arctor the Magician (level 8, 0/41 HPs)
             Began as a Deep Elf Fire Elementalist on Feb 4, 2024.
             Slain by an orc wizard
             ... wielding a +0 mace
              (7 damage)
             ... on level 7 of the Dungeon.
             The game lasted 00:04:36 (6865 turns).

Arctor the Magician (Deep Elf Fire Elementalist)    Turns: 6865, Time: 00:04:36

Health: 0/41       AC:  6    Str:  5    XL:     8   Next: 7%
Magic:  2/19       EV: 13    Int: 23    God:
Gold:   217        SH:  0    Dex: 15    Spells: 16/19 levels left

rFire   + . .        C - +5 morningstar
rCold   . . .        (no shield)
rNeg    . . .        i - +2 leather armour {rF+}
rPois   .            k - +0 helmet
rElec   .            (no cloak)
rCorr   .            (no gloves)
SInv    .            (no boots)
Will    .....        (no amulet)
Stlth   +++          (no ring)
HPRegen 0.26/turn    (no ring)
MPRegen 0.16/turn

%: no passive effects
@: no status effects
A: no striking features
a: no special abilities


You were on level 7 of the Dungeon.
You visited 1 branch of the dungeon, and saw 7 of its levels.

You collected 217 gold pieces.

Inventory:

Hand Weapons
 C - a +5 morningstar (weapon)
Missiles
 d - 3 silver javelins
Armour
 a - a +0 robe
 i - a +2 leather armour of fire resistance (worn)
 k - a +0 helmet (worn)
Jewellery
 l - a ring of willpower
 r - a +5 ring of evasion
 s - a ring of resist corrosion
Wands
 B - a wand of charming (5)
Scrolls
 c - 5 scrolls of identify {unknown}
 f - a scroll of enchant armour {unknown}
 j - 3 scrolls of amnesia {unknown}
 n - 2 scrolls of fear {unknown}
 o - a scroll of revelation {unknown}
 q - 3 scrolls of teleportation {unknown}
 w - a scroll of enchant weapon {unknown}
 x - a scroll of acquirement {unknown}
 y - a scroll of immolation {unknown}
 z - a scroll of summoning {unknown}
 A - a scroll of torment {unknown}
Potions
 b - 2 potions of magic
 e - a potion of degeneration {unknown}
 g - a potion of invisibility
 h - 2 potions of curing {unknown}
 m - a potion of heal wounds {unknown}
 p - a potion of resistance {unknown}
 t - a potion of lignification {unknown}
 u - a potion of brilliance {unknown}
 v - a potion of ambrosia {unknown}


   Skills:
 + Level 5.5 Dodging
 + Level 6.0 Stealth
 + Level 6.1 Spellcasting
 + Level 4.6 Conjurations
 + Level 5.7 Fire Magic


You had 16 spell levels left.
You knew the following spells:

 Your Spells              Type           Power      Damage    Failure   Level
a - Foxfire               Conj/Fire      100%       2x1d9     1%          1
b - Scorch                Fire           66%        2d7       1%          2

Your spell library contained the following spells:

 Spells                   Type           Power      Damage    Failure   Level
 Shock                    Conj/Air       68%        1d7       5%          1
 Inner Flame              Hex/Fire       20%        N/A       13%         3
 Volatile Blastmotes      Fire/Tloc      40%        2d13      13%         3
 Flame Wave               Conj/Fire      30%        2d9       17%         4
 Lesser Beckoning         Tloc           14%        N/A       22%         2
 Frozen Ramparts          Ice            14%        1d3       38%         3
 Gell's Gravitas          Tloc           7%         N/A       38%         3
 Swiftness                Air            7%         N/A       38%         3
 Teleport Other           Tloc           7%         N/A       38%         3
 Airstrike                Air            3%         2d(1-17)  80%         4
 Leda's Liquefaction      Alch/Erth      3%         N/A       80%         4
 Petrify                  Alch/Erth      7%         N/A       80%         4
 Metabolic Englaciation   Hex/Ice        3%         N/A       98%         5


Dungeon Overview and Level Annotations

Branches:
Dungeon (7/15)
 Temple: D:4-7

Altars:
Ashenzari
Dithmenos
Elyvilon
Fedhas
Gozag
Kikubaaqudgha
Makhleb
Okawaru
Qazlal
Wu Jian
Xom
Yredelemnul

Shops:
D:3 :

Annotations:
D:4 Dowan, Duvessa


Message History

The orc priest is lightly wounded.
Unknown command.
You conjure some foxfire!
There is not enough space to conjure foxfire!
The foxfire hits the orc priest.
The orc priest is moderately wounded.
You conjure some foxfire!
The foxfire hits the orc priest!
The orc priest is almost dead.
You conjure some foxfire!
Casting: Foxfire (safe; 1% risk of failure)
Confirm with . or Enter, or press ? or * to list all spells.
You can't see any susceptible monsters within range! (Use Z to cast anyway.)
You conjure some foxfire!
The foxfire hits the orc priest.
You kill the orc priest!
An orc wizard comes into view. It is wielding a +0 mace.
Your Stealth skill increases to level 6!
You conjure some foxfire!
The orc wizard casts a spell.
The orc wizard flickers and vanishes!
Deactivating autopickup; reactivate with Ctrl-A.
You are out of magic!
Casting: Foxfire (safe; 1% risk of failure)
Confirm with . or Enter, or press ? or * to list all spells.
You don't have enough magic to cast this spell.
Unknown command.
Your foxfire dissipates!
You hear the quick creaking of a very distant portcullis.
Something hits you.
You miss something. Something hits you. x2
You hit something. Something hits you but does no damage.
You miss something. Something hits you but does no damage. Something hits you.
You closely miss something. Something barely misses you.
You closely miss something. Something hits you. x2
* * * LOW HITPOINT WARNING * * *
You miss something. Something hits you but does no damage.
You barely miss something. Something hits you.
* * * LOW HITPOINT WARNING * * *
Something hits you!
You die...

########....####......)......
#...........# #.#)..........
#.#######...# #.#...........
##.# #...# #.#...........
.#.## #...# #.#..)........
....# ##########.#...........
....# #..v§......#.....<.....
....# #)##########.##########
....####.# #..@{#
.#+##....#####.##.).#
.#.#....[...##.####....#
...............§....)...
...#..#.#....######..).#
...#..#.#<...# .#
.#....#.##...# #
.#....#.....## ##.#..#######


There were no monsters in sight!

Vanquished Creatures
  An orc warrior (D:7)
  A black bear (D:5)
  An ogre (D:4)
  3 wights (D:7)
  A howler monkey (D:6)
  5 hounds
  4 jellies
  2 orc priests (D:7)
  2 iguanas (D:5)
  A sleepcap (D:5)
  5 adders
  3 gnolls (D:3)
  A shadow imp (D:7)
  2 ufetubi (D:5)
  3 dart slugs
  15 orcs
  4 bats
  11 endoplasms
  A giant cockroach (D:3)
  3 goblins
  4 hobgoblins
  2 jackals (D:3)
  5 quokkas
  7 ball pythons
  A frilled lizard (D:3)
  11 kobolds
  6 rats
105 creatures vanquished.

Vanquished Creatures (others)
  595 foxfires
595 creatures vanquished.

Grand Total: 700 creatures vanquished

Notes
Turn   | Place    | Note
-------+----------+-------------------------------------------
     0 | D:1      | Arctor the Deep Elf Fire Elementalist began the quest for
                  | the Orb.
     0 | D:1      | Reached XP level 1. HP: 10/10 MP: 6/6
   318 | D:1      | Reached XP level 2. HP: 15/15 MP: 4/8
  1154 | D:2      | Reached XP level 3. HP: 19/19 MP: 5/9
  1270 | D:2      | Learned a level 2 spell: Scorch
  1749 | D:2      | Found a shadowy altar of Dithmenos.
  1749 | D:2      | Found a basalt altar of Yredelemnul.
  1749 | D:2      | Found an opulent altar of Gozag.
  1749 | D:2      | Found an iron altar of Okawaru.
  1749 | D:2      | Found a burning altar of Makhleb.
  1749 | D:2      | Found an iron altar of Okawaru.
  1825 | D:2      | Reached XP level 4. HP: 10/24 MP: 5/11
  2036 | D:2      | Reached XP level 5. HP: 17/28 MP: 9/13
  2564 | D:3      | Found Yzaeg's Vocational Training.
  2981 | D:3      | Found an ornate altar of the Wu Jian Council.
  3270 | D:3      | Found a broken altar of Ashenzari.
  3448 | D:3      | Found a shimmering altar of Xom.
  3495 | D:3      | Found a white marble altar of Elyvilon.
  4291 | D:4      | Reached XP level 6. HP: 28/32 MP: 10/14
  4659 | D:4      | Found an ancient bone altar of Kikubaaqudgha.
  5115 | D:4      | Noticed Duvessa
  5115 | D:4      | Noticed Dowan
  5139 | D:5      | Entered Level 5 of the Dungeon
  5231 | D:5      | Reached skill level 5 in Spellcasting
  5603 | D:5      | Reached XP level 7. HP: 36/36 MP: 11/16
  5644 | D:5      | Reached skill level 5 in Stealth
  5644 | D:5      | Reached skill level 5 in Fire Magic
  5707 | D:5      | Found a stormy altar of Qazlal.
  6123 | D:5      | Found a blossoming altar of Fedhas.
  6576 | D:7      | Reached skill level 5 in Dodging
  6844 | D:7      | Reached XP level 8. HP: 29/41 MP: 12/19
  6865 | D:7      | Slain by an orc wizard

Illustrated notes

Levels and vault maps discovered:
D:1:      nzn_arrival_water_spiral, layout_basic
D:2:      cheibrodos_fertilizer, layout_loops_ring
D:3:      layout_loops_ring, regret_index_xom_buried_treasure, elyvilon_altar_1,
          mainiacjoe_overflow_six_doors_small, nzn_wu_jian_contemplation,
          minmay_misc_feat_room, st_stairs_1, nicolae_shop_vocational
D:4:      dreamdust_elfheim, layout_cave_pools,
          nicolae_kikubaaqudgha_miasma_corner, chequers_serial_rivers_micro_d
D:5:      layout_rooms, overflow_temple_1_default, fedhas_altar_fruit_tree,
          kennysheep_generic_room_6
D:6:      lemuel_castle_with_subvaults [lemuel_castle_interior_original],
          layout_basic, minmay_temple_entry_arrows, uniq_pikel
D:7:      layout_basic, enter_bailey_3, kennysheep_generic_room_7

Skill      XL: |  1  2  3  4  5  6  7  8 |
---------------+-------------------------+-----
Stealth        | 3 4 5 6 |  6.0
Dodging        | 3 4 5 |  5.5
Conjurations   | 2 3 4 |  4.6
Spellcasting   | 4 5 6 |  6.1
Fire Magic     | 4 5 |  5.7

Action                     |  1- 3 |  4- 6 |  7- 9 || total
---------------------------+-------+-------+-------++-------
  Melee: Unarmed           |    27 |    10 |     1 ||    38
         Punch             |     1 |       |       ||     1
         Morningstar       |       |       |     7 ||     7
   Cast: Foxfire           |   104 |   202 |    80 ||   386
         Scorch            |     7 |    20 |    19 ||    46
    Use: Potion            |       |     2 |       ||     2
 Armour: Leather armour    |    32 |    28 |    33 ||    93
         Robe              |     2 |       |       ||     2
  Dodge: Dodged            |    38 |    22 |    26 ||    86
